 Dungeon Crawl Stone Soup version 0.28-a0-1117-g0bdd5ba030 (webtiles) character file.

Game seed: 8791393020925935162

414 flotson the Skirmisher (level 6, -2/52 HPs)
             Began as a Palentonga Fighter on Dec 11, 2021.
             Was an Initiate of Hepliaklqana.
             Slain by a hound (4 damage)
             ... on level 3 of the Dungeon.
             The game lasted 00:07:15 (5270 turns).

flotson the Skirmisher (Palentonga Fighter)         Turns: 5270, Time: 00:07:15

Health: -2/52      AC:  8    Str: 21    XL:     6   Next: 60%
Magic:  6/6        EV:  8    Int:  8    God:    Hepliaklqana [......]
Gold:   160        SH:  4    Dex: 10    Spells: 5/5 levels left

rFire   . . .      SeeInvis +   a - +0 war axe
rCold   . . .      Faith    .   c - +0 buckler
rNeg    . . .      Spirit   .   k - +0 scale mail
rPois   +          Reflect  .   f - +0 helmet
rElec   .          Harm     .   (no cloak)
rCorr   .          Rampage  .   (no gloves)
Will    .....                   (no barding)
Stlth   ..........              (no amulet)
HPRegen 0.17/turn               t - ring of poison resistance
MPRegen 0.10/turn               (no ring)

@: mighty, attractive
A: large, rugged brown scales 3, see invisible, deformed body, roll 1, armoured
tail
a: Rolling Charge, Renounce Religion


You were on level 3 of the Dungeon.
You worshipped Hepliaklqana.
Hepliaklqana was noncommittal.
You visited 2 branches of the dungeon, and saw 5 of its levels.

You collected 160 gold pieces.

Inventory:

Hand Weapons
 a - a +0 war axe (weapon)
 b - a +0 hand crossbow
Missiles
 q - 42 bolts
Armour
 c - a +0 buckler (worn)
 f - a +0 helmet (worn)
 k - a +0 scale mail (worn)
Jewellery
 t - a ring of poison resistance (left hand)
Scrolls
 g - 3 scrolls of teleportation {unknown}
 h - 2 scrolls of enchant armour {unknown}
 i - a scroll of magic mapping {unknown}
 j - 2 scrolls of amnesia {unknown}
 l - 3 scrolls of identify {unknown}
 m - a scroll of fog {unknown}
 n - a scroll of vulnerability {unknown}
 p - a scroll of torment {unknown}
 r - a scroll of noise {unknown}
 s - a scroll of enchant weapon {unknown}


   Skills:
 + Level 4.4 Fighting
 - Level 2.0 Axes
 + Level 1.2 Crossbows
 + Level 3.6 Armour
 + Level 2.4 Dodging
 + Level 3.6 Shields


You had 5 spell levels left.
You didn't know any spells.
Your spell library contained the following spells:

 Spells                   Type           Power      Damage    Failure   Level
 Passwall                 Tmut/Erth      0%         N/A       87%         2
 Static Discharge         Conj/Air       0%         N/A       87%         2
 Swiftness                Air            0%         N/A       98%         3
 Lightning Bolt           Conj/Air       0%         1d11      100%        5
 Maxwell's Capacitive Co  Air            0%         ∞         100%        8


Dungeon Overview and Level Annotations

Branches:
Dungeon (4/15)             Temple (1/1) D:4

Altars:
Cheibriados
Dithmenos
Fedhas
Hepliaklqana
Kikubaaqudgha
Nemelex Xobeh
Qazlal
Ru
Uskayaw
Wu Jian
Yredelemnul
Zin
The Shining One


Innate Abilities, Weirdness & Mutations

You are completely covered in rugged brown scales. (AC +3, +7% HP)
You have supernaturally acute eyesight. (SInv)
Armour fits poorly on your strangely shaped body.
You can roll at nearby foes to attack.
You have a long armoured tail.


Message History

The hound bites you.
* * * LOW HITPOINT WARNING * * *
You block the adder's attack. The hound bites you.
* * * LOW HITPOINT WARNING * * *
It was a potion of attraction.
You feel attractive to monsters. You block the hound's attack.
It was a potion of curing.
You feel better. The hound bites you but does no damage.
The adder barely misses you. The hound bites you but does no damage.
Okay, then.
The bullfrog skeleton is attracted toward you.
The goblin is attracted toward you. The hound bites you but does no damage.
The adder is attracted toward you. The goblin is attracted toward you.
The adder bites you but does no damage. The hound bites you but does no damage.
The bullfrog skeleton is attracted toward you.
The hound barely misses you.
The bullfrog skeleton is attracted toward you.
There is a stone staircase leading up here.
The hound bites you.
* * * LOW HITPOINT WARNING * * *
The hound barely misses you. The adder closely misses you.
The goblin is attracted toward you.
You climb upwards.
There is a stone staircase leading down here.
a - a +0 war axe (weapon)
You feel very mighty all of a sudden. The hound bites you.
* * * LOW HITPOINT WARNING * * *
The hound bites you.
* * * LOW HITPOINT WARNING * * *
Unknown command.
You barely miss the hound. The hound completely misses you.
The hound bites you.
* * * LOW HITPOINT WARNING * * *
You aren't carrying any potions.
You barely miss the hound. The hound bites you.
You die...

.......###...........# #....#
##.##...#####........#### #....#
##..#.#.######..........###....#
##....#..).####...#...........##
##.#..####(.# #.##.............##
...##.# ##.###.#..#######......#
#####.#####..##.#..#............#
....[..>.###....#..#.########...#
######...# ###..@..#.#...........
.........# #.#h###.#...........
####.....#####.#.....#........#.#
#.........##....#####........#.#
#.............####...........#.#
#<.#.#.#..###.# #####..)###.#.#
#.........##..# #.....#.#.#
##..#.#.#...#.## #.....#.#.#
##........#.#..# #.....#.#.#


You could see a hound.

Vanquished Creatures
  An ogre (D:4)
  A water moccasin skeleton (D:4)
  Natasha (thrice) (D:2)
  An orc wizard (D:4)
  7 adders
  3 gnolls (D:4)
  2 worms
  7 orcs
  3 bats
  8 endoplasms
  4 giant cockroaches
  6 goblins
  7 hobgoblins
  3 jackals (D:1)
  3 quokkas
  7 ball pythons
  7 frilled lizards
  7 kobolds
  2 rats (D:3)
82 creatures vanquished.

Notes
Turn   | Place    | Note
-------+----------+-------------------------------------------
     0 | D:1      | flotson the Palentonga Fighter began the quest for the Orb.
     0 | D:1      | Reached XP level 1. HP: 19/19 MP: 1/1
     6 | D:1      | Noticed an electric eel
   142 | D:1      | Reached XP level 2. HP: 23/25 MP: 2/2
   395 | D:1      | Found a faded altar of an unknown god.
   710 | D:2      | Found a snail-covered altar of Cheibriados.
   905 | D:2      | Reached XP level 3. HP: 27/31 MP: 3/3
   915 | D:2      | Reached skill level 1 in Dodging
  1003 | D:2      | Noticed Natasha
  1013 | D:2      | Killed Natasha
  1421 | D:2      | Reached XP level 4. HP: 37/37 MP: 4/4
  1644 | D:2      | Noticed Natasha
  1650 | D:2      | Killed Natasha
  2275 | D:2      | Noticed Natasha
  2287 | D:2      | Killed Natasha
  2288 | D:2      | Reached XP level 5. HP: 9/44 MP: 5/5
  2553 | D:2      | Found a snail-covered altar of Cheibriados.
  3733 | D:3      | Reached skill level 4 in Fighting
  4211 | D:4      | Found a stormy altar of Qazlal.
  4303 | D:4      | Noticed a +0 hand axe
  4307 | D:4      | Noticed a +0 dagger
  4311 | D:4      | Found a hide-covered altar of Uskayaw.
  4518 | D:4      | Found a sacrificial altar of Ru.
  4569 | D:4      | Reached XP level 6. HP: 47/51 MP: 6/6
  4698 | D:4      | Found a staircase to the Ecumenical Temple.
  4722 | Temple   | Entered the Ecumenical Temple
  4811 | Temple   | Became a worshipper of Hepliaklqana the Forgotten
  5217 | D:4      | Reached skill level 1 in Crossbows
  5269 | D:3      | HP: 1/52 [hound (5)]
  5270 | D:3      | Slain by a hound

Illustrated notes

Levels and vault maps discovered:
D:1:      arrival_aquarium_a, layout_rooms, ebering_ecumenical_altar_hall
D:2:      layout_basic, basic_altar, uniq_natasha
D:3:      layout_rooms, serial_co_window_serial, co_window_paths_a,
          co_window_paths_a, co_window_corner_a, co_window_paths_a,
          co_window_paths_b, co_window_corner_a, co_window_2corner,
          co_window_cross_4, co_window_paths_c, co_window_of_opportunity_c,
          co_window_broadway_c, co_window_4corner_b, glass_columns_b,
          glass_columns_b, glass_columns_c, glass_columns_b
D:4:      layout_gridville, dancing_weapons_uskayaw,
          nicolae_ru_great_annihilating_truth, nicolae_overflow_hidden_temple,
          minmay_temple_entry_large_hall, grunt_ministairs_8, minmay_pentangle
Temple:   zaba_magenta_temple

Skill      XL: |  1  2  3  4  5  6 |
---------------+-------------------+-----
Dodging        | 1 2 |  2.4
Armour         | 3 |  3.6
Shields        | 3 |  3.6
Fighting       | 4 |  4.4
Crossbows      | 1 |  1.2
Axes           | |  2.0

Action                   |  1- 3 |  4- 6 || total
-------------------------+-------+-------++-------
Melee: War axe           |    66 |   108 ||   174
       Tailslap          |     2 |     8 ||    10
 Fire: Hand crossbow     |       |    80 ||    80
 Abil: Rolling Charge    |     9 |     4 ||    13
  Use: Potion            |       |     3 ||     3
Armor: Scale mail        |    28 |    78 ||   106
Dodge: Dodged            |    20 |    59 ||    79
Block: Buckler           |    15 |    39 ||    54

Table legend: (Time is in decaauts)
 A = Elapsed time spent in this place.
 B = Non-inter-level travel time spent in this place.
 C = Inter-level travel time spent in this place.
 D = Time resting spent in this place.
 E = Time spent auto-exploring this place.
 F = Levels seen in this place.
 G = Mean time per level.
                   A        B        C        D        E       F      G
               +--------+--------+--------+--------+--------+-----+--------+
         Total |   5386 |   5243 |    143 |    100 |   4384 |   5 | 1077.2 |
       Dungeon |   5279 |   5153 |    126 |    100 |   4334 |   4 | 1319.8 |
        Temple |    106 |     89 |     17 |      0 |     50 |   1 |  106.0 |
               +--------+--------+--------+--------+--------+-----+--------+

Top non-repeatable levels by time:
     D:2: 2522 daAuts
     D:4: 1043 daAuts
     D:3: 995 daAuts
     D:1: 718 daAuts
  Temple: 106 daAuts
